 Dungeon Crawl Stone Soup version 0.24.0-123-gd5b16e6ec5 (webtiles) character file.

Game seed: 9086986726901528501, levelgen mode: deterministic

56 Bronedek the Firebug (level 3, 0/28 HPs)
             Began as a Draconian Fire Elementalist on Feb 12, 2020.
             Slain by an orc
             ... wielding a +0 short sword
              (3 damage)
             ... on level 2 of the Dungeon.
             The game lasted 00:08:54 (1584 turns).

Bronedek the Firebug (Draconian Fire Elementalist)  Turns: 1584, Time: 00:08:54

Health: 0/28       AC:  6    Str: 10    XL:     3   Next: 69%
Magic:  1/6        EV: 12    Int: 16    God:
Gold:   81         SH:  0    Dex: 11    Spells: 3/6 levels left

rFire    . . .     SeeInvis .   c - +0 dagger
rCold    . . .     Gourm    .   (no shield)
rNeg     . . .     Faith    .   (armour unavailable)
rPois    .         Spirit   .   (helmet restricted)
rElec    .         Reflect  .   (no cloak)
rCorr    .         Harm     .   (no gloves)
MR       .....                  g - +0 pair of boots
Stlth    ++........             (no amulet)
HPRegen  0.09/turn              (no ring)
MPRegen  0.10/turn              (no ring)

@: no status effects
A: unfitting armour, cold-blooded, AC +5
a: no special abilities


You were on level 2 of the Dungeon.
You were not hungry.

You visited 1 branch of the dungeon, and saw 2 of its levels.

You collected 81 gold pieces.

Inventory:

Hand Weapons
 c - a +0 dagger (weapon)
Armour
 g - a +0 pair of boots (worn)
Scrolls
 d - a scroll of blinking {unknown}
 e - 3 scrolls of identify {unknown}
 i - 3 scrolls of enchant weapon {unknown}
 j - a scroll of immolation {unknown}
 k - a scroll of teleportation {unknown}
Potions
 a - a potion of lignification {unknown}
 h - a potion of brilliance {unknown}
Comestibles
 b - 2 rations
 f - a chunk of flesh


   Skills:
 + Level 1.4 Fighting
 - Level 2.0 Dodging
 - Level 1.7 Stealth
 + Level 2.4 Spellcasting
 + Level 1.8 Conjurations
 + Level 3.5 Fire Magic


You had 3 spell levels left.
You knew the following spells:

 Your Spells              Type           Power        Failure   Level  Hunger
a - Flame Tongue          Conj/Fire      ##...        7%          1    #......
b - Throw Flame           Conj/Fire      ##....       10%         2    ###....

Your spell library contained the following spells:

 Spells                   Type           Power        Failure   Level  Hunger
 Conjure Flame            Conj/Fire      ##......     21%         3    ###....
 Inner Flame              Hex/Fire       #.......     28%         3    ###....
 Sticky Flame             Conj/Fire      ##......     54%         4    #####..
 Fireball                 Conj/Fire      ##........   88%         5    ######.


Dungeon Overview and Level Annotations

Branches:
Dungeon (2/15)

Altars:


Innate Abilities, Weirdness & Mutations

Your plain brown scales are hard. (AC +5)
You cannot fit into any form of body armour.
You are cold-blooded and may be slowed by cold attacks.


Message History

There is a stone staircase leading down here.
Casting: Throw Flame (safe; 10% risk of failure)
Confirm with . or Enter, or press ? or * to list all spells.
Aiming: Throw Flame (safe; 10% risk of failure)
Press: ? - help, Shift-Dir - straight line, f - orc
Aim: an orc, wielding a +0 short sword and wearing a +0 ring mail The puff of flame hits the orc.
The orc is heavily wounded.
An orc is nearby!
You hit the orc but do no damage.
The orc is heavily wounded.
The orc hits you with a +0 short sword.
* * * LOW HITPOINT WARNING * * *
You barely miss the orc.
The orc is heavily wounded.
The orc hits you but does no damage.
You hit the orc but do no damage.
The orc is heavily wounded.
The orc hits you with a +0 short sword.
You die...

##...###### #.........###
#...รท<....... #............
###. ##.........### ....
)............. ...#
..##.######### ..#
#).#.#################..###.
##.....##...>..o@...........
..........#########P...####
##.####.### #...8.P# #.
#.#########......# #.
#..(.##..........# #
####.##....###.##.....
#..#..### #....####
####()..# ###.##
#.......##### .#


You could see an orc.

Vanquished Creatures
  2 adders (D:2)
  2 dart slugs (D:1)
  2 giant cockroaches (D:1)
  5 goblins (D:1)
  8 hobgoblins
  A ball python (D:1)
  3 bats (D:1)
  A frilled lizard (D:1)
  5 kobolds
  A quokka skeleton (D:2)
  3 rats (D:1)
33 creatures vanquished.

Notes
Turn   | Place    | Note
-------+----------+-------------------------------------------
     0 | D:1      | Bronedek the Draconian Fire Elementalist began the quest
                  | for the Orb.
     0 | D:1      | Reached XP level 1. HP: 14/14 MP: 3/3
   231 | D:1      | Reached XP level 2. HP: 16/22 MP: 1/5
   429 | D:1      | Learned a level 2 spell: Throw Flame
   919 | D:1      | Reached skill level 1 in Fighting
  1017 | D:1      | Reached XP level 3. HP: 28/28 MP: 2/6
  1584 | D:2      | Slain by an orc

Levels and vault maps discovered:
D:1:      nzn_arrival_water_spiral, layout_basic
D:2:      layout_rooms, serial_undead, serial_undead_a, serial_undead_b,
          serial_undead_e, serial_undead_c, serial_undead_c, uniq_robin

Skill      XL: |  1  2 |
---------------+-------+-----
Dodging        | 2 |  2.0
Fighting       | 1 |  1.4
Stealth        | |  1.7
Spellcasting   | |  2.4
Conjurations   | |  1.8
Fire Magic     | |  3.5

Action                   || total
-------------------------++-------
Melee: Unarmed           ||     5
       Dagger            ||    78
       Tailslap          ||    10
 Cast: Flame Tongue      ||    19
       Throw Flame       ||    14
 Stab: Sleeping          ||     2
  Eat: Chunk             ||     3
Armor: Skin              ||    30
Dodge: Dodged            ||    77
